 Dungeon Crawl Stone Soup version 0.30.1-3-gfc49f6343a (webtiles) character file.

Game seed: 7048251722084533846

429 javelincjr the Trooper (level 6, 0/49 HPs)
             Began as a Demonspawn Fighter on July 20, 2023.
             Was an Elder of Uskayaw.
             Slain by a gnoll
             ... wielding a +0 spear
             ... led by a gnoll bouda
              (9 damage)
             ... on level 4 of the Dungeon.
             The game lasted 00:11:07 (3217 turns).

javelincjr the Trooper (Demonspawn Fighter)         Turns: 3217, Time: 00:11:08

Health: 0/49       AC: 12    Str: 19    XL:     6   Next: 66%
Magic:  6/6        EV:  8    Int:  9    God:    Uskayaw [****..]
Gold:   270        SH:  0    Dex: 12    Spells: 5/5 levels left

rFire   . . .        r - +2 short sword (flame)
rCold   . . .        k - orb {mayhem}
rNeg    + . .        f - +0 chain mail
rPois   .            (helmet restricted)
rElec   .            l - +0 cloak
rCorr   .            (no gloves)
SInv    .            (no boots)
Will    .....        (no amulet) Stlth
                     t - +4 ring of slaying
HPRegen 0.28/turn    D - ring of positive energy
MPRegen 0.10/turn

%: mayhem
@: no status effects
A: horns 1, yellow scales 1, demonic guardian 1, powered by pain 1
a: Renounce Religion, Stomp, Line Pass


You were on level 4 of the Dungeon.
You worshipped Uskayaw.
Uskayaw was noncommittal.
You visited 1 branch of the dungeon, and saw 4 of its levels.

You collected 270 gold pieces.

Inventory:

Hand Weapons
 a - a +0 trident
 r - a +2 short sword of flaming (weapon)
 u - a +1 antimagic dagger
 B - a +2 flail of protection
Missiles
 C - 4 silver javelins (quivered)
Armour
 b - a +0 scale mail
 c - a +0 buckler
 f - a +0 chain mail (worn)
 k - an orb of mayhem (worn)
 l - a +0 cloak (worn)
 w - a +0 plate armour
 x - a +0 helmet
Jewellery
 t - a +4 ring of slaying (left hand)
 D - a ring of positive energy (right hand)
Wands
 A - a wand of polymorph (6)
Scrolls
 e - 2 scrolls of teleportation {unknown}
 h - 2 scrolls of enchant armour {unknown}
 j - 7 scrolls of identify {unknown}
 s - 2 scrolls of brand weapon {unknown}
 v - a scroll of poison {unknown}
 y - a scroll of torment {unknown}
Potions
 d - a potion of might
 g - a potion of haste {unknown}
 i - a potion of ambrosia {unknown}
 m - a potion of flight {unknown}
 n - 2 potions of degeneration {unknown}
 o - 2 potions of heal wounds {unknown}
 p - 3 potions of curing {unknown}
 q - a potion of attraction {unknown}
 z - 2 potions of brilliance {unknown}


   Skills:
 + Level 4.6 Fighting
 + Level 3.5 Polearms
 + Level 4.1 Armour
 + Level 4.1 Shields


You had 5 spell levels left.
You didn't know any spells.
Your spell library contained the following spells:

 Spells                   Type           Power      Damage    Failure   Level
 Shock                    Conj/Air       0%         1d3       97%         1
 Slow                     Hex            0%         N/A       97%         1
 Ensorcelled Hibernation  Hex/Ice        0%         N/A       99%         2
 Confusing Touch          Hex            0%         N/A       100%        3
 Spider Form              Tmut/Pois      0%         N/A       100%        3
 Summon Guardian Golem    Hex/Summ       0%         N/A       100%        3
 Swiftness                Air            0%         N/A       100%        3
 Vampiric Draining        Necr           0%         2d6       100%        3
 Airstrike                Air            0%         2d(0-16)  100%        4
 Anguish                  Hex/Necr       0%         N/A       100%        4
 Orb of Destruction       Conj           0%         9d5       100%        7
 Spellforged Servitor     Conj/Summ      0%         N/A       100%        7


Dungeon Overview and Level Annotations

Branches:
Dungeon (4/15)
 Temple: D:4-7

Altars:
Gozag
Makhleb
Uskayaw

Shops:
D:4 =


Innate Abilities, Weirdness & Mutations

You have a pair of small horns on your head.
You are partially covered in yellow scales. (AC +2)
A weak demonic guardian rushes to your aid.
You sometimes gain a little power by taking damage.


Message History

The gnoll completely misses you.
The gnoll barely misses the gnoll.
The gnoll hits you but does no damage.
The gnoll hits the gnoll with a +0 spear!
The gnoll dies!
Things that are here:
a +0 whip; a +0 leather armour
Found 7 gold pieces.
The gnoll hits you but does no damage. x3
Things that are here:
a +0 club; a gnoll corpse The gnoll attacks as you move away!
The gnoll barely misses you.
Found a burning altar of Makhleb.
The gnoll hits you with a +0 spear. The gnoll barely misses you.
You see here a +0 flail.
You hit the gnoll. You burn the gnoll.
The gnoll is heavily wounded.
The gnoll hits you from afar with a +0 spear.
The gnoll hits you but does no damage. x2
Uskayaw will force your foes to share their pain.
Uskayaw links your audience in an emotional bond!
You barely miss the gnoll.
The gnoll is heavily wounded.
The gnoll barely misses you.
The gnoll hits you from afar with a +0 spear!
You completely miss the gnoll.
The gnoll is heavily wounded.
The gnoll is no longer moving quickly.
The gnoll closely misses the gnoll.
The gnoll hits you but does no damage. The gnoll completely misses you.
The gnoll is no longer sharing its pain. x2
The gnoll hits you with a +0 spear!
A demonic guardian appears!
The gnoll closely misses the gnoll.
Uskayaw prepares the audience for your solo!
The gnoll is no longer paralysed. x2; The gnoll closely misses the gnoll.
The gnoll hits you with a +0 spear.
* * * LOW HITPOINT WARNING * * *
The gnoll barely misses the gnoll.
You see here a +0 flail.
You hit the gnoll. You burn the gnoll.
You kill the gnoll!
The gnoll hits you from afar with a +0 spear!
You die...

######.### #...#
###.### #...##
###..# ##.##
#..# ########5##
.......@))#
...[....).#
≈≈≈§≈.>..g#
....§.......
♣♣♣.≈.#.......
...§.#........#
_.♣.≈.#.....<..#
..♣.≈.#.......##
♣. #......$#


You could see a neutral gnoll (fast, strong, insane, ally target) and a friendly
shadow imp (summoned).

Vanquished Creatures
  Edmund (D:4)
  A scorpion (D:3)
  A hound (D:4)
  A gnoll bouda (D:4)
  Terence (D:2)
  2 gnolls (D:4)
  7 adders
  2 worms (D:2)
  2 dart slugs
  2 orcs (D:3)
  2 ball pythons
  5 endoplasms
  5 giant cockroaches
  6 goblins
  4 hobgoblins
  3 quokkas (D:3)
  10 bats
  3 frilled lizards
  7 kobolds
  8 rats
73 creatures vanquished.

Vanquished Creatures (collateral kills)
  An adder (D:4)
  A gnoll (D:4)
  A worm (D:3)
  An endoplasm (D:4)
  A goblin (D:3)
5 creatures vanquished.

Vanquished Creatures (others)
  A rat (D:2)
1 creature vanquished.

Grand Total: 79 creatures vanquished

Notes
Turn   | Place    | Note
-------+----------+-------------------------------------------
     0 | D:1      | javelincjr the Demonspawn Fighter began the quest for the
                  | Orb.
     0 | D:1      | Reached XP level 1. HP: 18/18 MP: 1/1
   410 | D:1      | Gained mutation: You are partially covered in yellow
                  | scales. (AC +2) [demonic ancestry]
   410 | D:1      | Reached XP level 2. HP: 24/24 MP: 2/2
  1204 | D:2      | Gained mutation: A weak demonic guardian rushes to your
                  | aid. [demonic ancestry]
  1204 | D:2      | Reached XP level 3. HP: 29/29 MP: 3/3
  1593 | D:2      | Noticed Terence
  1595 | D:2      | Gained mutation: You sometimes gain a little power by
                  | taking damage. [demonic ancestry]
  1595 | D:2      | Reached XP level 4. HP: 33/36 MP: 4/4
  1606 | D:2      | Killed Terence
  2121 | D:3      | Reached XP level 5. HP: 35/42 MP: 5/5
  2253 | D:3      | Found a faded altar of an unknown god.
  2266 | D:3      | Prayed at the altar of an unknown god.
  2266 | D:3      | Became a worshipper of Uskayaw the Reveller
  2266 | D:3      | Reached * piety under Uskayaw
  2393 | D:3      | Reached ** piety under Uskayaw
  2967 | D:4      | Noticed Edmund
  2979 | D:4      | Reached *** piety under Uskayaw
  2985 | D:4      | Killed Edmund
  2986 | D:4      | Gained mutation: You have a pair of small horns on your
                  | head. [demonic ancestry]
  2986 | D:4      | Reached XP level 6. HP: 15/49 MP: 6/6
  3133 | D:4      | Found Ruyc Boa's Jewellery Shop.
  3169 | D:4      | Found an opulent altar of Gozag.
  3211 | D:4      | Found a burning altar of Makhleb.
  3212 | D:4      | Reached **** piety under Uskayaw
  3217 | D:4      | Slain by a gnoll

Illustrated notes

Levels and vault maps discovered:
D:1:      dpeg_arrival_shrine, layout_basic, minmay_octomino_j4
D:2:      layout_basic, hangedman_decor_clover_reticule, minmay_tall_x,
          uniq_terence
D:3:      minmay_evil_eye, layout_loops_ring,
          shapermc_ecumenical_altar_starsandcircs,
          minmay_fractal_squares_diagonal_5
D:4:      layout_basic, mainiacjoe_overflow_brackets, grunt_gozag_statues,
          serial_shops, nicolae_shop_gaudy_bauble, uniq_edmund

Skill      XL: |  1  2  3  4  5  6 |
---------------+-------------------+-----
Polearms       | 2 3 |  3.5
Armour         | 3 4 |  4.1
Shields        | 3 4 |  4.1
Fighting       | 4 |  4.6

Action                     |  1- 3 |  4- 6 || total
---------------------------+-------+-------++-------
  Melee: Trident           |   120 |    22 ||   142
         Short sword       |       |   102 ||   102
         Headbutt          |       |     3 ||     3
   Stab: Paralysed         |       |     2 ||     2
 Armour: Chain mail        |    83 |    73 ||   156
  Dodge: Dodged            |    29 |    51 ||    80
  Block: Buckler           |     8 |       ||     8
